 Dungeon Crawl Stone Soup version 0.21.0-24-g2553a3340b (webtiles) character file.

774 McKennaii the Vexing (level 7, 0/53 HPs)
             Began as a Gnoll Arcane Marksman on Jan 22, 2018.
             Killed by nerve-wracking pain
             ... invoked by Menkaure
              (8 damage)
             ... on level 5 of the Dungeon.
             The game lasted 00:14:31 (5883 turns).

McKennaii the Vexing (Gnoll Arcane Marksman)        Turns: 5883, Time: 00:14:32

Health: 0/53       AC:  7    Str: 13    XL:     7   Next: 84%
Magic:  12/12      EV: 15    Int: 15    God:
Gold:   275        SH:  0    Dex: 17    Spells: 7/13 levels left

rFire    . . .     SeeInvis .   a - +0 shortbow
rCold    . . .     Gourm    .   (shield currently unavailable)
rNeg     . . .     Faith    .   e - +0 robe
rPois    .         Spirit   .   h - +0 hat
rElec    .         Reflect  .   k - +2 cloak
rCorr    .         Harm     .   m - +1 pair of gloves
MR       .....                  (no boots)
Stlth    ++........             (no amulet)
HPRegen  0.17/turn              (no ring)
MPRegen  0.13/turn              (no ring)

@: no status effects
A: distributed training, fangs 1, strong nose
a: no special abilities


You were on level 5 of the Dungeon.
You were not hungry.

You visited 1 branch of the dungeon, and saw 5 of its levels.

You collected 275 gold pieces.

Inventory:

Hand Weapons
 a - a +0 shortbow (weapon)
 i - a +0 short sword
Missiles
 d - 50 arrows (quivered)
Armour
 e - a +0 robe (worn)
 h - a +0 hat (worn)
 k - a +2 cloak (worn)
 m - a +1 pair of gloves (worn)
Wands
 s - a wand of random effects (18)
 v - a wand of disintegration (12)
Scrolls
 o - a scroll of identify
 p - 2 scrolls of remove curse
Potions
 l - a potion of invisibility
 n - a potion of curing {unknown}
 q - a potion of mutation {unknown}
 r - 2 potions of haste
 t - a potion of agility {unknown}
Books
 b - a book of Geomancy

   Spells                             Type                      Level
   a - Sandblast                      Earth                        1
   b - Passwall                       Transmutation/Earth          2
   c - Stone Arrow                    Conjuration/Earth            3
   d - Petrify                        Transmutation/Earth          4
   e - Lee's Rapid Deconstruction     Earth                        5
 c - a book of Debilitation

   Spells                             Type                      Level
   a - Corona                         Hexes                        1
   b - Slow                           Hexes                        2
   c - Inner Flame                    Hexes/Fire                   3
   d - Portal Projectile              Hexes/Translocation          3
   e - Cause Fear                     Hexes                        4
   f - Leda's Liquefaction            Hexes/Earth                  4
 g - a book of Callings

   Spells                             Type                      Level
   a - Summon Small Mammal            Summoning                    1
   b - Call Imp                       Summoning                    2
   c - Call Canine Familiar           Summoning                    3
   d - Summon Guardian Golem          Hexes/Summoning              3
   e - Summon Lightning Spire         Summoning/Air                4
   f - Summon Ice Beast               Ice/Summoning                4
Comestibles
 f - 4 rations


   Skills:
 + Level 3.8 Fighting
 + Level 2.7 Short Blades
 + Level 2.7 Long Blades
 + Level 2.7 Axes
 + Level 2.7 Maces & Flails
 + Level 2.7 Polearms
 + Level 2.7 Staves
 + Level 2.7 Slings
 + Level 5.3 Bows
 + Level 2.7 Crossbows
 + Level 2.7 Throwing
 + Level 2.7 Armour
 + Level 5.3 Dodging
 + Level 2.7 Stealth
 + Level 2.7 Shields
 + Level 2.7 Unarmed Combat
 + Level 3.9 Spellcasting
 + Level 2.2 Conjurations
 + Level 5.9 Hexes
 + Level 2.2 Charms
 + Level 2.2 Summonings
 + Level 2.2 Necromancy
 + Level 2.2 Translocations
 + Level 2.2 Transmutations
 + Level 2.2 Fire Magic
 + Level 2.2 Ice Magic
 + Level 2.2 Air Magic
 + Level 2.2 Earth Magic
 + Level 2.2 Poison Magic
 + Level 3.0 Invocations
 + Level 2.7 Evocations


You had 7 spell levels left.
You knew the following spells:

 Your Spells              Type           Power        Failure   Level  Hunger
a - Corona                Hex            ###....      1%          1    None
b - Slow                  Hex            ###.....     2%          2    ##.....
c - Portal Projectile     Hex/Tloc       ###...       10%         3    ###....


Dungeon Overview and Level Annotations

Branches:
Dungeon (5/15)
 Temple: D:4-7

Altars:
Kikubaaqudgha
Qazlal
Wu Jian
Yredelemnul

Annotations:
D:4 VanClaymore's ghost, novice MfGl
D:5 Dowan; Duvessa; Menkaure


Innate Abilities, Weirdness & Mutations

Your experience applies equally to all skills.
You have very sharp teeth.
Your uncanny sense of smell can sniff out nearby items.


Message History

Press: ? - help, Shift-Dir - straight line, f/p - Menkaure
Aim: Menkaure (moderately damaged, fast)
You shoot an arrow. The arrow hits Menkaure.
Menkaure is heavily damaged.
Menkaure hits you!
* * * LOW HITPOINT WARNING * * *
Firing (i - inventory):
d - 52 arrows (quivered)
Press: ? - help, Shift-Dir - straight line, f/p - Menkaure
Aim: Menkaure (heavily damaged, fast)
You shoot an arrow. The arrow hits Menkaure.
Menkaure is severely damaged.
Menkaure closely misses you.
Firing (i - inventory):
d - 51 arrows (quivered)
Press: ? - help, Shift-Dir - straight line, f/p - Menkaure
Aim: Menkaure (severely damaged, fast)
You shoot an arrow. The arrow barely misses Menkaure.
Menkaure closely misses you.
Menkaure points at you and mumbles some strange words.
Pain shoots through your body!
You die...

..######## ..#......#
##. ..#......# ..
#.#......# #.
#.#......#
#.###(#......#
#.###....M#......#..
#.#.......@..........
#.......##########....
###.........(.( ....
......#.......# ...
..#...#.......# ... #
#............ ∆
#.#...#+#########+#
###.#.#.##......#.#
...#.#.##.####.#.#


You could see Menkaure.

Vanquished Creatures
  2 centaurs (D:5)
  2 hounds
  2 orc wizards (D:4)
  Crazy Yiuf (D:3)
  2 orc priests (D:4)
  Jessica (D:3)
  Natasha (thrice) (D:2)
  2 worker ants (D:4)
  A hound zombie (D:5)
  6 gnolls
  6 adders
  An ooze (D:2)
  2 adder skeletons (D:4)
  A worm (D:3)
  4 dart slugs
  5 leopard geckos
  16 orcs
  2 ball pythons
  A bat zombie (D:3)
  5 giant cockroaches
  7 goblins
  6 hobgoblins
  11 kobolds
  2 quokkas
  14 bats
  A frilled lizard (D:3)
  6 rats
  2 rat zombies (D:3)
  A spectral orc (D:2)
115 creatures vanquished.

Vanquished Creatures (others)
  A gnoll (D:4)
1 creature vanquished.

Grand Total: 116 creatures vanquished

Notes
Turn   | Place    | Note
-------+----------+-------------------------------------------
     0 | D:1      | McKennaii the Gnoll Arcane Marksman began the quest for the Orb.
     0 | D:1      | Reached XP level 1. HP: 17/17 MP: 4/4
   294 | D:1      | Reached XP level 2. HP: 23/23 MP: 5/5
   613 | D:1      | Reached XP level 3. HP: 28/28 MP: 7/7
  1064 | D:2      | Reached skill level 1 in Invocations
  1151 | D:2      | Reached skill level 1 in Short Blades
  1151 | D:2      | Reached skill level 1 in Long Blades
  1151 | D:2      | Reached skill level 1 in Axes
  1151 | D:2      | Reached skill level 1 in Maces & Flails
  1151 | D:2      | Reached skill level 1 in Polearms
  1151 | D:2      | Reached skill level 1 in Staves
  1151 | D:2      | Reached skill level 1 in Slings
  1151 | D:2      | Reached skill level 1 in Crossbows
  1151 | D:2      | Reached skill level 1 in Throwing
  1151 | D:2      | Reached skill level 1 in Armour
  1151 | D:2      | Reached skill level 1 in Stealth
  1151 | D:2      | Reached skill level 1 in Shields
  1151 | D:2      | Reached skill level 1 in Unarmed Combat
  1151 | D:2      | Reached skill level 1 in Evocations
  1228 | D:2      | Reached XP level 4. HP: 34/34 MP: 8/8
  1277 | D:2      | Noticed Natasha
  1288 | D:2      | Killed Natasha
  1297 | D:2      | Reached skill level 1 in Conjurations
  1297 | D:2      | Reached skill level 1 in Charms
  1297 | D:2      | Reached skill level 1 in Summonings
  1297 | D:2      | Reached skill level 1 in Necromancy
  1297 | D:2      | Reached skill level 1 in Translocations
  1297 | D:2      | Reached skill level 1 in Transmutations
  1297 | D:2      | Reached skill level 1 in Fire Magic
  1297 | D:2      | Reached skill level 1 in Ice Magic
  1297 | D:2      | Reached skill level 1 in Air Magic
  1297 | D:2      | Reached skill level 1 in Earth Magic
  1297 | D:2      | Reached skill level 1 in Poison Magic
  1311 | D:2      | Noticed Natasha
  1323 | D:2      | Killed Natasha
  1323 | D:2      | Reached XP level 5. HP: 32/40 MP: 9/9
  1343 | D:2      | Noticed Natasha
  1353 | D:2      | Killed Natasha
  1509 | D:2      | Found a basalt altar of Yredelemnul.
  1570 | D:2      | Found a faded altar of an unknown god.
  1713 | D:3      | Noticed Jessica
  1718 | D:3      | Killed Jessica
  1859 | D:3      | Reached XP level 6. HP: 34/47 MP: 10/10
  2147 | D:3      | Found an ancient bone altar of Kikubaaqudgha.
  2453 | D:3      | Found a runed door.
  2752 | D:3      | Noticed Crazy Yiuf
  2788 | D:3      | Learned a level 2 spell: Slow
  3044 | D:3      | Killed Crazy Yiuf
  3113 | D:4      | Reached skill level 5 in Bows
  3113 | D:4      | Reached skill level 5 in Dodging
  3125 | D:4      | Learned a level 3 spell: Portal Projectile
  3167 | D:4      | Noticed a water elemental
  3168 | D:4      | Noticed VanClaymore's ghost (novice MfGl)
  3517 | D:4      | Found a stormy altar of Qazlal.
  3774 | D:4      | Reached XP level 7. HP: 14/52 MP: 12/12
  4149 | D:4      | Found an ornate altar of the Wu Jian Council.
  4985 | D:4      | Noticed an air elemental
  4985 | D:4      | Noticed a fire elemental
  5315 | D:5      | Entered Level 5 of the Dungeon
  5316 | D:5      | Noticed Dowan
  5318 | D:5      | Noticed Duvessa
  5867 | D:5      | Noticed Menkaure
  5883 | D:5      | Killed from afar by Menkaure

Skill      XL: |  1  2  3  4  5  6  7 |
---------------+----------------------+-----
Invocations    | 1 2 3 |  3.0
Short Blades   | 1 2 |  2.7
Long Blades    | 1 2 |  2.7
Axes           | 1 2 |  2.7
Maces & Flails | 1 2 |  2.7
Polearms       | 1 2 |  2.7
Staves         | 1 2 |  2.7
Slings         | 1 2 |  2.7
Crossbows      | 1 2 |  2.7
Throwing       | 1 2 |  2.7
Armour         | 1 2 |  2.7
Stealth        | 1 2 |  2.7
Shields        | 1 2 |  2.7
Unarmed Combat | 1 2 |  2.7
Evocations     | 1 2 |  2.7
Spellcasting   | 3 |  3.9
Conjurations   | 1 2 |  2.2
Charms         | 1 2 |  2.2
Summonings     | 1 2 |  2.2
Necromancy     | 1 2 |  2.2
Translocations | 1 2 |  2.2
Transmutations | 1 2 |  2.2
Fire Magic     | 1 2 |  2.2
Ice Magic      | 1 2 |  2.2
Air Magic      | 1 2 |  2.2
Earth Magic    | 1 2 |  2.2
Poison Magic   | 1 2 |  2.2
Fighting       | 3 |  3.8
Bows           | 5 |  5.3
Dodging        | 5 |  5.3
Hexes          | |  5.9

Action                   |  1- 3 |  4- 6 |  7- 9 || total
-------------------------+-------+-------+-------++-------
Melee: Short sword       |       |    65 |   119 ||   184
       Bite              |       |     7 |    12 ||    19
       Punch             |       |     1 |     3 ||     4
 Fire: Shortbow          |    90 |   196 |   110 ||   396
 Cast: Slow              |       |     4 |     3 ||     7
  Use: Potion            |       |     1 |     3 ||     4
       Scroll            |       |     8 |       ||     8
 Stab: Sleeping          |       |     2 |       ||     2
  Eat: Chunk             |       |     9 |     3 ||    12
       Ration            |       |       |     1 ||     1
Armor: Robe              |    10 |    19 |    53 ||    82
Dodge: Dodged            |    37 |   108 |   158 ||   303
